[Event "*** Titled Tuesday Blitz"]
[Site "Chess.com"]
[Date "2018.09.04"]
[Round "10"]
[White "lavr92"]
[Black "Alopekos"]
[Result "1-0"]
[WhiteElo "2603"]
[BlackElo "2449"]
[TimeControl "180+2"]
[EndTime "15:52:59 PDT"]
[Termination "lavr92 won by resignation"]

1. d4 Nf6 2. c4 e6 3. Nc3 d5 4. cxd5 Nxd5 5. e4 Nxc3 6. bxc3 c5 7. Nf3 cxd4 8. cxd4 Bb4+ 9. Bd2 Bxd2+ 10. Qxd2 O-O 11. Bc4 Nd7 12. O-O b6 13. Rad1 Bb7 14. Rfe1 Rc8 15. Bd3 Nf6 16. Bb1 b5 17. h3 a5 18. Qf4 Qc7 19. Qh4 h6 20. Re3 Rfd8 21. Ne5 Nd7 22. Ng4 Nf8 23. Nxh6+ gxh6 24. Qxh6 e5 25. Rg3+ Ng6 26. h4 Rxd4 27. Rf1 Qe7 28. h5 Qh4 29. Rh3 Qf4 30. hxg6 Qxh6 31. gxf7+ Kxf7 32. Rxh6 Bxe4 33. f4 Kg7 34. Rb6 exf4 35. Rxb5 Bxb1 36. Rfxb1 Rc2 37.
R1b2 Rdd2 38. Rxc2 Rxc2 39. Rxa5 Kf6 40. a4 Ra2 41.
Kf1 Ke6 42. Kg1 Kd6 43. Kh1 Ke6 44. Kg1 Kd6 45. Ra8 Kc7 46. a5 Kb7 47. Rf8 Rxa5 48. Rxf4 Kc6 49. Rd4 Rd5 50. Rxd5 Kxd5 51. Kh2 Ke4 52. Kh3 Kf5 53. Kh4 Kf6 54. Kh5 Kg7 55.
Kg5 Kf7 56. Kh6 Kf6 57. g4 Kf7 1-0

[Event "*** Titled Tuesday Blitz"]
[Site "Chess.com"]
[Date "2018.09.04"]
[Round "10"]
[White "DanielNaroditsky"]
[Black "Cryptochess"]
[Result "1-0"]
[WhiteElo "2949"]
[BlackElo "2544"]
[TimeControl "180+2"]
[EndTime "15:53:01 PDT"]
[Termination "DanielNaroditsky won by resignation"]

1. d4 Nf6 2. Bf4 g6 3. Nc3 d6 4. e4 c6 5. Nf3 b5 6. e5 b4 7. exf6 bxc3 8. fxe7 Qxe7+ 9. Be2 cxb2 10. Rb1 Bg7 11.
O-O O-O 12. Rxb2 Ba6 13. c4 c5 14. Rd2 Re8 15. dxc5 dxc5 16. Bd6 Qe4 17. Ng5 Qf5 18.
Rd5 Be5 19. Bxe5 Rxe5 20. Rxe5 Qxe5 21. Bf3 Qxg5 22. Bxa8 Bxc4 23. Re1 Na6 24. Qc1 Qxc1 25. Rxc1 Bxa2 26. Bb7 Nb4 27. Rxc5 a6 28. Ra5 Bb3 29.
Bxa6 Nxa6 30. Rxa6 Kg7 31. Rb6 Be6 32. f4 h5 33. Kf2 Kf6 34. Ke3 Kf5 35. Rb5+ Kf6 36. g3 Bf5 37. Rb6+ Be6 38. Ke4 Kg7 39. Ke5 Bf5 40.
Rb7 Be6 41. Rc7 Bf5 42. Rc6 Bg4 43. Kd6 Bf5 44. Ke7 Be4 45. Rc5 Bf5 46. Rc7 Be6 47. Rc3 Bf5 48. Re3 Bc2 49. Kd6 Bf5 50. Ke5 Bg4 51. Rc3 Be6 52. Rc6 Bg4 53. h4 Bf5 54.
Rf6 Bg4 55. Rd6 Bf5 56. Rd8 Bg4 57. Kd6 Be6 58. Ke7 Bf5 59. Rd6 Bc2 60. Rf6 Bb3 61. f5 Ba2 62. Ra6 Bc4 63. f6+ Kh6 64. Ra8 g5 65. Rh8+ Kg6 66. Rg8+ Kh6 67. hxg5+ Kh7 1-0

[Event "*** Titled Tuesday Blitz"]
[Site "Chess.com"]
[Date "2018.09.04"]
[Round "10"]
[White "MFBerna"]
[Black "champ2005"]
[Result "0-1"]
[WhiteElo "2376"]
[BlackElo "2731"]
[TimeControl "180+2"]
[EndTime "15:53:02 PDT"]
[Termination "champ2005 won by resignation"]

1. e4 c6 2. d4 d5 3. exd5 cxd5 4. c4 Nf6 5. Nf3 Nc6 6. Nc3 Bg4 7. Qb3 Bxf3 8. gxf3 Nxd4 9. Qd1 e5 10. Be3 Bd6 11.
Qa4+ Qd7 12. Qxd7+ Kxd7 13. Bxd4 exd4 14. Nxd5 Nxd5 15.
cxd5 Rhe8+ 16. Kd2 g6 17. Bb5+ Kc7 18. Bxe8 Rxe8 19.
Rac1+ Kd7 20. Kd3 Re5 21. Kxd4 Rf5 22. f4 Rxf4+ 23. Ke3 Rf5 24. Ke2 Re5+ 25. Kf3 Rf5+ 26.
Kg2 Rg5+ 27. Kf3 Rxd5 28. Rhd1 Rf5+ 29. Kg2 Ke7 30. Re1+ Kf6 31. Rcd1 Bc5 32. Re2 b6 33. Rd3 Kg7 34. Rf3 Rg5+ 35. Rg3 Rd5 36. a3 a5 37. h4 h5 38. Rf3 Rd4 39. Kh3 Kf8 40. Rc2 Be7 41. Rc8+ Kg7 42. Rc7 Rxh4+ 43. Kg2 Re4 44. Rb7 Re6 45. Re3 Rxe3 46. fxe3 Bc5 47. e4 g5 48. Rc7 Kg6 49. Rc6+ Kg7 50. Kf3 Bd4 51. b4 axb4 52. axb4 b5 53. e5 Bxe5 54. Rc5 f6 55. Rxb5 g4+ 56. Ke4 h4 57. Rb7+ Kg6 58. Ra7 h3 59. Ra8 Kg7 60. Ra7+ Kg6 61. Ra8 g3 62. Rh8 g2 63. Rg8+ Kf7 64. Rg4 h2 0-1

[Event "*** Titled Tuesday Blitz"]
[Site "Chess.com"]
[Date "2018.09.04"]
[Round "10"]
[White "afgano29"]
[Black "oskariot"]
[Result "1-0"]
[WhiteElo "2702"]
[BlackElo "2496"]
[TimeControl "180+2"]
[EndTime "15:53:05 PDT"]
[Termination "afgano29 won by resignation"]

1. d4 g6 2. Nf3 Bg7 3. c4 d6 4.
Nc3 e5 5. e4 Nc6 6. d5 Nd4 7.
Be2 Ne7 8. Be3 Nxf3+ 9. Bxf3 O-O 10. c5 f5 11. cxd6 cxd6 12. O-O fxe4 13. Nxe4 Nf5 14. Qb3 Nxe3 15. Qxe3 Bf5 16. Rac1 Qd7 17. Qa3 Bxe4 18. Bxe4 Bh6 19. Rc3 a6 20. Rh3 Bf4 21. Qd3 Rac8 22. Rf3 Bg5 23. g3 Rxf3 24. Qxf3 Rc1 25. Rxc1 Bxc1 26.
Qc3 Bh6 27. h4 Bf8 28. Kg2 Qg4 29. Qd3 Be7 30. f3 Qd7 31. h5 Qb5 32. hxg6 hxg6 33.
Qc2 Qc5 34. Qxc5 dxc5 35. Bxg6 Kg7 36. Bf5 b5 37. Bc8 a5 38. Ba6 b4 39. b3 Kf6 40. Kf2 Bf8 41. Ke3 Bd6 42. Ke4 Kg5 43. Bf1 Kf6 44. Bh3 c4 45. bxc4 a4 46. Kd3 a3 47. Kc2 Ke7 48. Kb3 Bc5 49. Bf5 Kf6 50.
Be4 Ke7 51. Ka4 Kf6 52. Bc2 e4 53. fxe4 Ke5 54. Kb5 Be7 55. c5 1-0

[Event "*** Titled Tuesday Blitz"]
[Site "Chess.com"]
[Date "2018.09.04"]
[Round "10"]
[White "chessmaxusa"]
[Black "timator"]
[Result "0-1"]
[WhiteElo "2481"]
[BlackElo "2422"]
[TimeControl "180+2"]
[EndTime "15:53:13 PDT"]
[Termination "timator won by resignation"]

1. d4 Nf6 2. Nf3 e6 3. Bf4 b6 4. e3 Bb7 5. h3 d5 6. Be2 Bd6 7. Ne5 O-O 8. Nd2 Nbd7 9. O-O c5 10. c3 Qe7 11. Ndf3 h6 12. a4 a6 13. Bd3 Rfd8 14.
Re1 Ne4 15. Nd2 Nxd2 16. Qxd2 Bxe5 17. dxe5 Nb8 18. Bc2 Nd7 19. Qe2 Nf8 20. Red1 Ng6 21.
Bg3 Rac8 22. Qh5 Qg5 23. Qxg5 hxg5 24. Rd2 Ne7 25. Rad1 Kf8 26. f3 Nc6 27. Bh2 Ke8 28.
g4 Ke7 29. Kg2 f6 30. exf6+ gxf6 31. Bg3 d4 32. exd4 cxd4 33. Bf2 Ne5 34. Be4 Bxe4 35. fxe4 dxc3 36. Rxd8 Rxd8 37. Rxd8 Kxd8 38. Bxb6+ Ke7 39. bxc3 Nc4 40. Bd4 e5 41. Bc5+ Kd7 42. Kf3 Nb2 43.
a5 Nc4 44. Bb4 Ke6 45. Ke2 Nb2 46. Kd2 Nc4+ 47. Kd3 Nb2+ 48. Ke2 Nc4 49. Bc5 Nxa5 50.
Kd3 Nb7 51. Ba3 Nd6 52. c4 Nb7 53. Kc3 Kd7 54. Kb4 Kc6 55. Kc3 Nc5 56. Kc2 Nxe4 57. Be7 Kd7 58. Bf8 Nf2 59. Kb3 Nxh3 60. Kb4 Nf2 61.
Ka5 Nxg4 62. Kxa6 Kc6 63. Be7 e4 64. Ka5 e3 65. Bb4 Ne5 66. Be1 Nd3 67. Bc3 e2 68. Bd2 e1=Q 69. Bxe1 Nxe1 0-1

[Event "*** Titled Tuesday Blitz"]
[Site "Chess.com"]
[Date "2018.09.04"]
[Round "10"]
[White "JSMastropiero"]
[Black "HanSchut"]
[Result "1/2-1/2"]
[WhiteElo "2337"]
[BlackElo "2211"]
[TimeControl "180+2"]
[EndTime "15:53:16 PDT"]
[Termination "Game drawn - insufficient material"]

1. e4 c5 2. Nc3 d6 3. d4 cxd4 4. Qxd4 Bd7 5. Bg5 Nc6 6. Qd2 h6 7. Bh4 g5 8. Bg3 Bg7 9. Bc4 Rc8 10. Bb3 Qa5 11. Nge2 Nf6 12. f3 Ne5 13. O-O-O Nc4 14. Bxc4 Rxc4 15. Kb1 b5 16. e5 dxe5 17. Bxe5 Be6 18.
Nxb5 Qxd2 19. Rxd2 O-O 20. Nc7 Bf5 21. Bxf6 Bxf6 22. Nd5 Rfc8 23. Rc1 Kg7 24. Nxf6 Kxf6 25. b3 R4c7 26. Kb2 e5 27. c4 a5 28. Nc3 Kg7 29. Re1 f6 30. Rd6 Ra8 31. Nd5 Rf7 32.
Kc3 Raa7 33. a3 h5 34. Ne3 Bg6 35. Red1 Rab7 36. Ra6 e4 37. Rxa5 exf3 38. gxf3 Rfe7 39. Nf5+ Bxf5 40. Rxf5 Re3+ 41. Rd3 Rxd3+ 42. Kxd3 Rxb3+ 43.
Kd4 Rxa3 44. Rb5 Rxf3 45. c5 Rf2 46. c6 Rd2+ 47. Kc5 Rxh2 48. Rb4 Re2 49. c7 Re8 50.
Rb8 Re1 51. c8=Q Rc1+ 52. Kd6 Rxc8 53. Rxc8 Kg6 54. Ke6 g4 55. Rg8+ Kh7 56. Rf8 Kg6 57.
Rxf6+ Kg5 58. Ke5 g3 59. Rf8 Kg4 60. Rg8+ Kf3 61. Rf8+ Ke3 62. Rg8 h4 63. Kf5 Kf2 64.
Kg4 g2 65. Kxh4 g1=Q 66. Rxg1 Kxg1 1/2-1/2

[Event "*** Titled Tuesday Blitz"]
[Site "Chess.com"]
[Date "2018.09.04"]
[Round "10"]
[White "MFguimaraes"]
[Black "mjray79"]
[Result "0-1"]
[WhiteElo "2255"]
[BlackElo "2042"]
[TimeControl "180+2"]
[EndTime "15:53:20 PDT"]
[Termination "mjray79 won by resignation"]

1. e4 c5 2. Nf3 d6 3. d4 cxd4 4.
Qxd4 Nf6 5. Nc3 Nc6 6. Bb5 Bd7 7. Bxc6 Bxc6 8. Bg5 e5 9. Qd3 Be7 10. O-O-O Qc7 11.
Nh4 O-O-O 12. Nf5 Kb8 13. Nxe7 Qxe7 14. Rhe1 h6 15. Bxf6 Qxf6 16. f3 Qf4+ 17. Rd2 Qxh2 18. Nd5 Qg3 19. Re3 Bxd5 20. Qxd5 Rhf8 21. Rb3 Rd7 22. Re3 Qg6 23. b3 Qe6 24. Qa5 Rc8 25. Red3 Rc5 26. Qxc5 dxc5 27. Rxd7 Kc8 28. R7d6 Qe7 29.
a4 Kc7 30. R6d5 b6 31. a5 Kc6 32. a6 f6 33. Rd8 Kc7 34. Ra8 Kc6 35. c4 b5 36.
Rdd8 Kb6 37. cxb5 Kxb5 38. Rdc8 Kxa6 39. Rc6+ Kb7 40. Rac8 Qd7 41. Rxc5 Qxc8 42. Rxc8 Kxc8 43. Kd2 Kd7 44. Ke3 Kc6 45. f4 Kb5 46. fxe5 fxe5 47. Kd3 Kb4 48. Kc2 g5 49. g4 a5 50. Kb2 Kb5 51.
Ka3 Kc5 52. Ka4 Kb6 53. b4 axb4 54. Kxb4 Kc6 55. Kc4 Kd6 56. Kb5 Ke6 57. Kc4 Kf6 58.
Kd3 Kg6 59. Ke3 h5 60. gxh5+ Kxh5 61. Kf3 Kh4 0-1

[Event "*** Titled Tuesday Blitz"]
[Site "Chess.com"]
[Date "2018.09.04"]
[Round "10"]
[White "TST2014"]
[Black "bugsbunny444"]
[Result "1-0"]
[WhiteElo "2516"]
[BlackElo "2434"]
[TimeControl "180+2"]
[EndTime "15:53:28 PDT"]
[Termination "TST2014 won by resignation"]

1. d4 e6 2. c4 b6 3. a3 Bb7 4. Nc3 f5 5. Nf3 Nf6 6. d5 Na6 7. b4 Bd6 8. g3 c5 9. Nb5 Ne4 10. Ng5 Be5 11. Nxe4 fxe4 12. Rb1 exd5 13. cxd5 cxb4 14.
axb4 Nc7 15. Nxc7+ Qxc7 16. Bg2 Bc3+ 17. Bd2 Bxd5 18. Rc1 Bxd2+ 19. Qxd2 Qe5 20. O-O O-O 21. Qe3 Bc6 22. f4 Qf5 23. Rfd1 Rfe8 24. Rd6 Qb5 25. Qb3+ Kh8 26. e3 a5 27. Rd4 a4 28. Qa3 Rac8 29.
Bf1 Qh5 30. Qa2 b5 31. Rc5 Qf3 32. Rc3 Qg4 33. Be2 Qe6 34. Qxe6 Rxe6 35. Bxb5 Ra8 36. Bc4 Re7 37. b5 Bb7 38. Ra3 d5 39. Bxd5 Bxd5 40. Rxd5 Rb7 41. Kf2 Kg8 42. Re5 Kf7 43. Rxe4 Rxb5 44.
Rexa4 Rb2+ 45. Kf3 Rxa4 46. Rxa4 Rxh2 47. Ra7+ Kg6 48. e4 h5 49. e5 Rb2 50. e6 Rb3+ 51.
Kg2 Kf6 52. Rf7+ Kxe6 53. Rxg7 Rb5 54. Kh3 Kf6 55. Rg8 Kf7 56. Rd8 Rb1 57. Rd7+ Kg6 58. Rd6+ Kg7 59. Kh4 Rg1 60. f5 Kf7 61. Rg6 Rf1 62.
Rg5 Kf6 63. Rxh5 Rxf5 64. Rxf5+ Kxf5 65. Kh5 1-0

[Event "*** Titled Tuesday Blitz"]
[Site "Chess.com"]
[Date "2018.09.04"]
[Round "10"]
[White "ulises2013"]
[Black "AlexanderL"]
[Result "1/2-1/2"]
[WhiteElo "2617"]
[BlackElo "2802"]
[TimeControl "180+2"]
[EndTime "15:53:49 PDT"]
[Termination "Game drawn - insufficient material"]

1. e4 e5 2. Nf3 Nf6 3. Nxe5 d6 4. Nf3 Nxe4 5. d4 d5 6. Bd3 Bd6 7. c4 c6 8. O-O O-O 9. Nc3 Re8 10. cxd5 cxd5 11.
Nxd5 Bxh2+ 12. Kxh2 Qxd5 13. Re1 Nc6 14. Qe2 Bf5 15.
Bc4 Qd6+ 16. Kg1 Nf6 17. Be3 Nd5 18. Rad1 Bg4 19. Bf4 Qd7 20. Be5 f6 21. Qe4 Be6 22. Bg3 Bf7 23. Qd3 Ndb4 24. Qb3 Bxc4 25. Qxc4+ Qd5 26.
Qxd5+ Nxd5 27. a3 Kf7 28. Kf1 Rad8 29. Rxe8 Kxe8 30. Re1+ Kf7 31. Ke2 Nb6 32. Kd3 Rd7 33. Re2 Nd5 34. Re1 Nde7 35. Re2 g5 36. Re4 h5 37.
Bh2 Nf5 38. g4 hxg4 39. Rxg4 Nce7 40. Re4 Nd5 41. Re2 g4 42. Nd2 Nf4+ 43. Bxf4 Rxd4+ 44. Kc2 Rxf4 45. Kd3 b5 46. Ne4 Rf3+ 47. Kd2 a5 48. Re1 b4 49. axb4 axb4 50. Rg1 Rf4 51. Kd3 Ke6 52.
Ra1 Rf3+ 53. Kd2 Ke5 54. Re1 Kf4 55. Kc1 b3 56. Nxf6 Rxf2 57. Re4+ Kf3 58. Rxg4 Rc2+ 59. Kb1 Rc6 60. Nd7 Kxg4 61. Ne5+ Kf4 62. Nxc6 Nd6 63. Na5 Ke4 64. Nxb3 Nc4 65. Kc2 Nxb2 66. Kxb2 1/2-1/2

[Event "*** Titled Tuesday Blitz"]
[Site "Chess.com"]
[Date "2018.09.04"]
[Round "10"]
[White "NateSolon"]
[Black "Mikhail_Golubev"]
[Result "0-1"]
[WhiteElo "2491"]
[BlackElo "2436"]
[TimeControl "180+2"]
[EndTime "15:53:51 PDT"]
[Termination "Mikhail_Golubev won by resignation"]

1. d4 Nf6 2. Bg5 d6 3. Bxf6 exf6 4. c4 f5 5. e3 g6 6. Nc3 Bg7 7. g3 O-O 8. Bg2 c6 9. Nge2 Nd7 10. O-O Nf6 11. b4 Be6 12. Qd3 d5 13. c5 Ne4 14.
b5 Qa5 15. Rab1 cxb5 16. Rxb5 Qa6 17. Qc2 b6 18. cxb6 axb6 19. Rfb1 Rfc8 20. Rxb6 Qa5 21. Bxe4 dxe4 22. a4 Bc4 23. Qb2 Bd3 24. Ra1 Bf8 25. Rb7 Ba6 26. Rb6 Be7 27. Rc1 Ba3 28. Qxa3 Qxb6 29. Nd5 Rxc1+ 30. Nxc1 Qd8 31. Ne7+ Kg7 32. Nb3 Rb8 33. Nc6 Qc7 34. Nxb8 Be2 35. Qc5 Qxb8 36. Qe5+ Qxe5 37. dxe5 f6 38. e6 Kf8 39. Nc5 Ke7 40. a5 Kd6 41. a6 Bb5 42. a7 Bc6 43. Na6 Kxe6 44. a8=Q Bxa8 45. Nc7+ Kd6 46. Nxa8 Kc6 47. Kf1 Kb7 48. Ke2 Kxa8 49. Kd2 Kb7 50. Kc3 Kc6 51. Kc4 Kd6 52. Kd4 Kc6 53. Kc4 Kd6 54. Kd4 h6 55. h4 Kc6 56. Kc4 g5 57. h5 Kd6 58. Kd4 Ke6 59.
Kc5 Ke5 60. Kc4 f4 61. Kc5 Kf5 62. Kd5 Kg4 63. gxf4 gxf4 64. Kxe4 f3 65. Kd5 Kh3 66. Ke6 Kg2 67. Kxf6 Kxf2 68. e4 Kg3 69. e5 f2 70. e6 f1=Q+ 71. Kg7 Qe2 0-1

[Event "*** Titled Tuesday Blitz"]
[Site "Chess.com"]
[Date "2018.09.04"]
[Round "10"]
[White "Drags95"]
[Black "Msb2"]
[Result "1/2-1/2"]
[WhiteElo "2670"]
[BlackElo "2827"]
[TimeControl "180+2"]
[EndTime "15:53:54 PDT"]
[Termination "Game drawn - insufficient material"]

1. e4 c6 2. d4 d5 3. e5 c5 4. dxc5 e6 5. Be3 Nc6 6. Nf3 Nge7 7. c3 Qc7 8. Bd4 Ng6 9. Bb5 Bd7 10.
Bxc6 Bxc6 11. O-O Bb5 12. Re1 Bxc5 13. Bxc5 Qxc5 14. Nbd2 O-O 15. Nb3 Qb6 16. Nbd4 Bd7 17. Qd2 Rac8 18. h4 Ne7 19. h5 h6 20. Re3 Nc6 21.
Rae1 Kh8 22. Nxc6 bxc6 23. Nh2 c5 24. Ng4 Qd8 25. Rg3 Qg5 26. Qxg5 hxg5 27. h6 f5 28.
hxg7+ Kxg7 29. Nf6 Rxf6 30. exf6+ Kxf6 31. Rh3 Kg6 32. f3 c4 33. Kf2 Rb8 34. Re2 f4 35. Rh1 Re8 36. g3 e5 37. gxf4 gxf4 38. Ree1 Bf5 39.
Reg1+ Kf7 40. Rh5 Bg6 41. Rh6 Re6 42. b3 Ra6 43. bxc4 Rxa2+ 44. Ke1 Ra1+ 45. Kf2 Rxg1 46. Kxg1 dxc4 47. Rh8 e4 48. fxe4 Bxe4 49. Rh4 Ke6 50. Rxf4 Ke5 51. Rf7 a5 52. Kf2 a4 53. Ke3 Bc6 54.
Ra7 Kd6 55. Kd4 Bb5 56. Ra8 Kc6 57. Rh8 Kb6 58. Rh6+ Ka5 59. Kc5 a3 60. Rh2 Ka4 61. Ra2 Ba6 62. Rd2 Kb3 63. Rd6 Bc8 64. Rb6+ Kxc3 65.
Rb8 a2 66. Ra8 Kb3 67. Rxa2 c3 68. Kd4 Kxa2 69. Kxc3 1/2-1/2

[Event "*** Titled Tuesday Blitz"]
[Site "Chess.com"]
[Date "2018.09.04"]
[Round "10"]
[White "ShadyH9"]
[Black "lucasmito"]
[Result "1-0"]
[WhiteElo "2176"]
[BlackElo "2336"]
[TimeControl "180+2"]
[EndTime "15:53:57 PDT"]
[Termination "ShadyH9 won by checkmate"]

1. d4 Nf6 2. c4 g6 3. Nc3 d5 4. cxd5 Nxd5 5. Bd2 Bg7 6. e4 Nb6 7. Be3 O-O 8. h3 Nc6 9. Nf3 f5 10. Qb3+ Kh8 11. exf5 Bxf5 12. Rd1 a5 13. Bb5 Nb4 14.
Rd2 N6d5 15. Nxd5 Nxd5 16. Ne5 Be6 17. Bc4 Rb8 18. a4 c6 19. Qa3 Qd6 20. Bxd5 Bxd5 21. Qxd6 exd6 22. Nd7 Bxg2 23. Rh2 Bd5 24. Nxb8 Rxb8 25. h4 Bb3 26. h5 gxh5 27. Rxh5 b6 28. Bf4 Re8+ 29. Kf1 d5 30. Be5 Bxa4 31. f4 Bb5+ 32.
Ke1 Kg8 33. Rdh2 Bxe5 34. dxe5 Re7 35. Kd2 c5 36. Ke3 d4+ 37. Ke4 Bc6+ 38. Kf5 Bd7+ 39. Ke4 Bc6+ 40. Kd3 Rd7 41. Rh6 Bb5+ 42. Kd2 Rb7 43. Rd6 Be8 44. Rd8 Kf8 45. f5 Ke7 46.
Rxh7+ Kxd8 47. Rxb7 b5 48. e6 Bc6 49. Ra7 a4 50. f6 Ke8 51. f7+ Kf8 52. Rc7 Bd5 53.
Rc8+ Ke7 54. f8=Q+ Kxe6 55. Re8+ Kd7 56. Rd8+ Kc7 57.
Qd6+ Kb7 58. Rd7+ Ka8 59. Qf8# 1-0

[Event "*** Titled Tuesday Blitz"]
[Site "Chess.com"]
[Date "2018.09.04"]
[Round "10"]
[White "ddtru"]
[Black "novocane"]
[Result "0-1"]
[WhiteElo "2222"]
[BlackElo "2140"]
[TimeControl "180+2"]
[EndTime "15:54:26 PDT"]
[Termination "novocane won by checkmate"]

1. d4 Nf6 2. c4 e6 3. Nc3 Bb4 4. e3 O-O 5. Bd3 c5 6. Ne2 d5 7. cxd5 exd5 8. a3 Bxc3+ 9. bxc3 b6 10. O-O Ba6 11. Bxa6 Nxa6 12. Qd3 c4 13. Qc2 Nc7 14.
f3 Re8 15. e4 dxe4 16. fxe4 Nxe4 17. Bf4 Nd5 18. Be5 Nef6 19. Rf3 Nd7 20. Bxg7 Kxg7 21. Rxf7+ Kxf7 22. Qxh7+ Ke6 23. Ng3 N7f6 24. Qf5+ Kd6 25. Qc2 a6 26. Nf5+ Kc6 27. a4 Ne3 28. Nxe3 Rxe3 29. Rf1 Nd5 30. a5 b5 31. Qg6+ Qd6 32.
Qf7 Re7 33. Qf3 Rae8 34. h3 Re1 35. Qf7 Rxf1+ 36. Qxf1 Rf8 37. Qb1 Qf4 38. Qg6+ Qf6 39.
Qh7 Qf1+ 40. Kh2 Qf4+ 41. Kg1 Qe3+ 42. Kh2 Qf4+ 43. Kg1 Rf7 44. Qg8 Ne3 45. Qc8+ Kd6 46. Qb8+ Ke6 47. Qe8+ Kf6 48. Qh8+ Rg7 49. Qf8+ Rf7 50.
Qh8+ Kf5 51. Qh7+ Ke6 52. Qg6+ Rf6 53. Qe8+ Kf5 54. Qd7+ Ke4 55. Qh7+ Qf5 56. Qh4+ Kd3 57. Qe1 Qf1+ 58. Qxf1+ Rxf1+ 59. Kh2 Rf2 60. h4 Rxg2+ 61.
Kh3 Rg6 62. h5 Rh6 63. Kh4 Kxc3 64. d5 Nxd5 65. Kg5 Rh8 66. h6 Kd4 67. Kg6 c3 68.
Kg7 Rd8 69. h7 c2 70. h8=Q Rxh8 71. Kxh8 c1=Q 72. Kh7 Qg1 73. Kh6 Ke5 74. Kh5 Kf5 75. Kh4 Qh2# 0-1

[Event "*** Titled Tuesday Blitz"]
[Site "Chess.com"]
[Date "2018.09.04"]
[Round "10"]
[White "Divertissement"]
[Black "JonahWillow"]
[Result "1/2-1/2"]
[WhiteElo "2570"]
[BlackElo "2728"]
[TimeControl "180+2"]
[EndTime "15:54:38 PDT"]
[Termination "Game drawn by agreement"]

1. e4 c5 2. Nf3 e6 3. d4 cxd4 4.
Nxd4 Nc6 5. Nc3 Qc7 6. Be3 Nf6 7. a3 a6 8. Qf3 Rb8 9. Qg3 Qxg3 10. hxg3 Ng4 11. Nxc6 bxc6 12. Bc1 d5 13. Be2 Nf6 14. Bd3 h6 15. b4 c5 16. Bf4 Ra8 17. Na4 Nd7 18. exd5 cxb4 19. dxe6 fxe6 20. Be4 Ra7 21. Bb8 Rb7 22. Bxb7 Bxb7 23. Bf4 bxa3 24. O-O Nc5 25. Nxc5 Bxc5 26. Rfb1 Bc8 27. Bc1 O-O 28. Be3 Bxe3 29.
fxe3 Rf5 30. Rxa3 Rc5 31. Rb2 Kh7 32. Kf2 Kg6 33. e4 Kf6 34. Ke3 Ke5 35. Kd3 Bd7 36. Rb4 a5 37. Rd4 Bc6 38. c4 a4 39. Kc3 Ra5 40.
Rd2 Ra8 41. c5 Bxe4 42. Rd6 Rc8 43. Kb4 g5 44. Rxa4 Bxg2 45. Ra5 h5 46. Rd2 Bd5 47. Rh2 Rb8+ 48. Rb5 Rh8 49. Rb6 h4 50. gxh4 gxh4 51. c6 Kd6 52. Kb5 Rh5 53. Ra6 Bxc6+ 54. Kc4 h3 55.
Kd4 Kd7 56. Ra7+ Kd8 57. Ke3 Bg2 58. Kf2 Rf5+ 59. Kg3 Rf3+ 60. Kg4 Rc3 61. Kf4 Rc7 62. Ra3 Kd7 63. Raxh3 Bxh3 64. Rxh3 Kd6 65. Ke4 Rc4+ 66. Kd3 Ra4 67. Ke2 Ra2+ 68. Ke1 Kd5 69. Kd1 Kd4 70. Ke1 e5 71. Rb3 Ke4 72. Rh3 Kf4 73.
Rb3 e4 74. Rh3 Ke5 75. Rb3 Kd5 76. Rh3 Kd4 77. Rb3 e3 78. Rb8 Ke4 79. Re8+ Kd3 80. Rd8+ Kc3 81. Rc8+ Kd4 82. Rd8+ Ke5 83. Re8+ 1/2-1/2

[Event "*** Titled Tuesday Blitz"]
[Site "Chess.com"]
[Date "2018.09.04"]
[Round "10"]
[White "Bad4life"]
[Black "ItalianMachine"]
[Result "0-1"]
[WhiteElo "2398"]
[BlackElo "2292"]
[TimeControl "180+2"]
[EndTime "15:54:43 PDT"]
[Termination "ItalianMachine won by resignation"]

1. e4 e5 2. Nf3 Nc6 3. Bc4 Nf6 4. d3 Bc5 5. Nbd2 O-O 6. a4 a6 7. h3 d5 8. exd5 Nxd5 9. O-O Re8 10. Re1 f6 11. c3 Be6 12. a5 Kh8 13. Ne4 Bf8 14. Qc2 Qd7 15. b4 Rad8 16. Rb1 Nf4 17. Bxf4 Bxc4 18. dxc4 exf4 19. Rbd1 Qf5 20. Rxd8 Rxd8 21. Nh4 Qh5 22. Nf3 Qg6 23. Qc1 Ne5 24. Nh4 Qh5 25.
Qxf4 Rd1 26. Rxd1 Qxd1+ 27. Kh2 Qd3 28. Nf5 Qxc4 29. f3 Qe6 30. Nd4 Qd7 31. Kh1 Kg8 32. Qg3 Kf7 33. Qh4 Kg8 34. Qg3 Be7 35. Qf4 Ng6 36. Qg3 Bf8 37. h4 Be7 38. h5 Ne5 39.
h6 g6 40. Qf4 Qd8 41. Ne6 Qd7 42. Nd4 Kf7 43. Ng5+ Kg8 44. Nge6 Kf7 45. Qe4 c6 46. f4 Ng4 47. Kg1 Qd5 48. Qxd5 cxd5 49. Nc7 Ne3 50. Kf2 Nd1+ 51. Kg3 Nxc3 52. Nc2 f5 53. Kf3 Bd6 54. Na8 Na2 55. Nb6 Nxb4 56. Nd4 Nc6 57. Ne2 Nxa5 58.
Nxd5 Nc6 59. Nb6 Bc5 60. Nc4 Ke6 61. Kg3 b5 62. Nd2 a5 63. Nf3 Kf7 64. Nc3 b4 65. Na4 Bd6 66. Ng5+ Kg8 67. Ne6 Ne7 68. Kf3 Nd5 69.
g3 Nc3 70. Nb6 a4 71. Nc4 a3 72. Nxd6 a2 73. Nc8 a1=Q 74. Ne7+ Kf7 75. Ng5+ Kxe7 76. Nxh7 Qf1+ 77. Ke3 Qe1+ 78. Kd4 Qxg3 79. Ng5 Qxf4+ 80. Kc5 Qxg5 81. h7 Qh4 82. Kc6 Qxh7 0-1

[Event "*** Titled Tuesday Blitz"]
[Site "Chess.com"]
[Date "2018.09.04"]
[Round "10"]
[White "patrisiii123"]
[Black "arna"]
[Result "0-1"]
[WhiteElo "2280"]
[BlackElo "2117"]
[TimeControl "180+2"]
[EndTime "15:55:01 PDT"]
[Termination "arna won by checkmate"]

1. e4 c5 2. Nf3 g6 3. d4 cxd4 4.
Nxd4 Bg7 5. Be3 Nc6 6. Nc3 Nf6 7.
Be2 O-O 8. O-O d5 9. exd5 Nxd5 10. Nxd5 Qxd5 11. Nxc6 Qxc6 12. Bf3 Qc7 13. c3 Be6 14. Qa4 Bd7 15. Qb4 Bc6 16. Bxc6 bxc6 17. Qe4 Rab8 18. Qc2 Qb7 19. b3 a6 20. Rad1 Rfd8 21. h3 Rd5 22. c4 Rd7 23. Rxd7 Qxd7 24. Rd1 Qc7 25. Qd2 Be5 26.
Qd7 Rb7 27. Qd8+ Qxd8 28. Rxd8+ Kg7 29. Ra8 Rc7 30. Rxa6 c5 31. Ra8 Bd6 32. Rb8 Ra7 33. Rc8 Rxa2 34. g3 Rb2 35. Bxc5 Rxb3 36. Bxd6 exd6 37.
Rc6 Rc3 38. Rxd6 Rxc4 39. Kg2 h5 40. h4 Ra4 41. Rb6 Ra3 42. f3 Rc3 43. g4 hxg4 44. fxg4 Rc5 45. Kg3 Rc3+ 46. Kf4 Rc4+ 47. Kg3 Rc3+ 48.
Kf2 Rh3 49. h5 gxh5 50. gxh5 Rxh5 51. Kf3 Rg5 52. Rb8 Ra5 53. Rb7 Ra4 54. Rc7 Kg6 55.
Rc6+ Kg5 56. Rc7 Ra3+ 57. Ke4 f5+ 58. Ke5 Re3+ 59. Kd4 f4 60. Rg7+ Kf5 61. Rf7+ Kg4 62. Rg7+ Kf3 63. Rf7 Re8 64. Kd3 Kg3 65. Rg7+ Kf2 66.
Rf7 f3 67. Kd2 Kg2 68. Rg7+ Kf1 69. Rf7 f2 70. Rg7 Re5 71. Rg6 Rd5+ 72. Ke3 Ke1 73. Rf6 f1=Q 74. Rxf1+ Kxf1 75. Ke4 Rd8 76. Ke5 Ke2 77.
Kf5 Ke3 78. Ke5 Rd4 79. Kf5 Re4 80. Kf6 Kf4 81. Kf7 Kf5 82. Kg7 Re7+ 83. Kh6 Ra7 84. Kh5 Rh7# 0-1

[Event "*** Titled Tuesday Blitz"]
[Site "Chess.com"]
[Date "2018.09.04"]
[Round "10"]
[White "snowlord"]
[Black "tteshan"]
[Result "0-1"]
[WhiteElo "2689"]
[BlackElo "2092"]
[TimeControl "180+2"]
[EndTime "15:55:05 PDT"]
[Termination "tteshan won by resignation"]

1. Nf3 c5 2. g3 g6 3. Bg2 Bg7 4. c3 e5 5. O-O Nc6 6. e4 Nge7 7. a3 d6 8. b4 O-O 9. d4 exd4 10.
cxd4 Nxd4 11. Nxd4 Bxd4 12. Ra2 Be6 13. Rd2 Qb6 14.
Bb2 Bxb2 15. Rxb2 a5 16. b5 c4 17. Nc3 Qc5 18. Qa1 d5 19. exd5 Nxd5 20. Ne4 Qd4 21. Rd1 Qg7 22. Nc5 Nc3 23. Rc1 Rac8 24. Nxe6 fxe6 25.
Rbc2 Nxb5 26. Qxg7+ Kxg7 27. Rxc4 Rxc4 28. Rxc4 Nxa3 29. Ra4 Nb5 30. Bxb7 Rb8 31. Bf3 e5 32. Rxa5 Nd4 33. Be4 Kf6 34. Ra7 Rh8 35. Kg2 Nf5 36.
Ra6+ Ke7 37. h4 Nd6 38. Bc6 Rc8 39. Ra7+ Kf6 40. Bd5 Rc5 41. Bg8 h5 42. Rd7 Rc6 43. Bd5 Rb6 44. Rd8 e4 45. Ra8 Ke5 46. Bg8 Rb2 47. Kg1 Rb1+ 48. Kg2 Rb2 49. Ra7 Kf6 50. Rd7 Nf5 51. Kf1 e3 52. Rf7+ Ke5 53. fxe3 Nxg3+ 54. Ke1 Nf5 55. Bh7 Nxh4 56. Ra7 Kf5 57. Ra5+ Kg4 58. Ra6 g5 59. Bg8 Nf3+ 60. Kd1 Rd2+ 61. Kc1 Rh2 62. Be6+ Kg3 63. Ra8 Re2 64. Bf7 h4 65.
Rh8 Rxe3 66. Bd5 Re2 67. Rf8 Rf2 68. Kd1 g4 69. Be6 h3 70. Rg8 Ne5 71. Ke1 Rb2 72. Bd5 h2 73. Rh8 Nf3+ 74. Kd1 Rb1+ 75. Ke2 h1=Q 76. Rxh1 Rxh1 77. Ke3 0-1